Map: Defender's Landing LE

Players

Elazer - Winner!

  • Race: Zerg Zerg
  • Spawn Location: 7:00

JonSnow

  • Race: Zerg Zerg
  • Spawn Location: 1:00

Event: WCS Valencia 2017

VOD

Have the link to the VOD?

Description

Time

  • Played on: July 13, 2017, 1:29 p.m.
  • Length: 6:55

All games in this series

Show
View Real Time Build Order
Export as new Build Order

Elazer Zerg - Winner!

Build Orders: Pool First 

Get SALT Encoding   

  12  0:00  Drone  
  13  0:12  Overlord  
  13  0:17  Drone  
  14  0:30  Drone x2  
  14  0:34  Drone  
  17  0:44  Extractor  
  17  0:45  Drone  
  17  0:50  Spawning Pool  
  17  0:56  Drone  
  17  1:07  Drone  
  18  1:19  Hatchery  
  17  1:36  Queen, Drone  
  17  1:38  Zergling x2  
  21  1:44  Metabolic Boost  
  21  1:52  Overlord  
  21  1:56  Drone  
  22  2:12  Baneling Nest, Drone x2  
  23  2:19  Queen  
  25  2:23  Drone  
  26  2:32  Drone  
  27  2:44  Zergling x8  
  28  2:47  Zergling x2  
  32  2:53  Zergling x2  
  32  2:56  Overlord  
  33  3:00  Baneling  
  33  3:01  Baneling  
  33  3:06  Drone x2  
  35  3:15  Drone  
  35  3:18  Drone x2  
  35  3:19  Drone x2  
  40  3:27  Overlord  
  40  3:29  Drone  
  41  3:39  Overlord  
  41  3:40  Zergling x2  
  41  3:41  Zergling x2  
  41  3:46  Zergling x4  
  43  3:49  Hatchery  
  43  3:54  Baneling x2  
  43  3:55  Overlord  
  41  3:56  Drone  
  41  4:01  Queen  
  44  4:04  Drone  
  44  4:05  Drone  
  44  4:06  Drone  
  46  4:11  Baneling x2  
  46  4:17  Zergling x4  
  48  4:21  Overlord  
  48  4:24  Drone  
  48  4:26  Drone x2  
  48  4:30  Roach Warren, Extractor, Overlord  
  48  4:34  Zergling x4  
  49  4:38  Zergling x4  
  51  4:47  Overlord  
  51  4:50  Overlord  
  51  5:13  Roach x5  
  61  5:20  Roach x7  
  75  5:24  Roach  
  75  5:27  Roach  
  79  5:30  Overlord  
  79  5:34  Overlord  
  83  5:42  Roach  
  83  5:43  Roach x2  
  83  5:46  Roach  
  84  5:51  Zergling x8  
  84  5:54  Zergling x2  
  89  5:58  Zergling x4  
  89  6:03  Zergling x4  
  93  6:05  Zergling x4  
  93  6:11  Zergling x4  
  97  6:15  Ravager x2  
  97  6:19  Zergling x8  
  97  6:23  Zergling x4  
  101  6:30  Zergling x8  
  101  6:32  Ravager  
  102  6:33  Zergling x2  
  102  6:37  Zergling x4  
  102  6:39  Baneling x2  
Show
View Real Time Build Order
Export as new Build Order

JonSnow Zerg 

Build Orders: Hatch First 

Get SALT Encoding   

  12  0:00  Drone  
  13  0:12  Overlord  
  13  0:17  Drone  
  14  0:31  Drone x2  
  16  0:35  Drone  
  17  0:53  Hatchery  
  17  0:55  Drone  
  17  1:00  Drone  
  18  1:09  Extractor  
  17  1:14  Spawning Pool  
  17  1:17  Drone  
  17  1:20  Drone  
  18  1:29  Overlord  
  18  1:39  Drone  
  19  2:01  Queen  
  21  2:02  Zergling x2  
  21  2:05  Queen  
  24  2:10  Drone x2  
  24  2:11  Metabolic Boost  
  24  2:12  Drone  
  27  2:16  Drone  
  28  2:24  Drone  
  28  2:29  Zergling x2  
  30  2:34  Baneling Nest  
  30  2:35  Zergling x2  
  30  2:37  Drone  
  30  2:43  Queen  
  33  2:46  Drone  
  33  2:51  Drone  
  35  2:54  Overlord  
  35  3:00  Zergling x2  
  36  3:14  Zergling x14  
  36  3:18  Baneling x4  
  42  3:20  Baneling  
  42  3:26  Zergling x2  
  43  3:40  Drone  
  44  4:00  Overlord x2  
  40  4:13  Drone x3  
  40  4:16  Overlord x2  
  43  4:20  Roach Warren  
  43  4:23  Hatchery  
  41  4:30  Drone x4  
  45  4:32  Extractor  
  45  4:36  Drone x2  
  44  4:48  Drone x5  
  44  4:49  Drone  
  50  4:53  Evolution Chamber  
  50  4:58  Overlord  
  50  4:59  Roach  
  51  5:01  Baneling x2  
  51  5:03  Roach  
  53  5:09  Extractor  
  53  5:13  Roach x2  
  56  5:15  Lair  
  57  5:21  Drone  
  57  5:23  Drone  
  57  5:25  Drone  
  57  5:26  Drone  
  60  5:38  Roach x4  
  65  5:47  Roach  
  65  5:48  Roach  
  65  5:49  Overlord  
  69  5:52  Overlord  
  69  5:54  Drone  
  69  5:55  Zergling x2  
  71  5:58  Drone x2  
  71  5:59  Drone x2  
  75  6:04  Overlord  
  75  6:06  Roach  
  75  6:10  Roach  
  77  6:20  Roach x4  
  77  6:24  Roach x2  
  84  6:26  Roach  
  84  6:29  Roach  
  80  6:34  Roach x2  
Tags
 
Add a new tag
Caveats
  • Supply blocks, unpowered buildings, or Contaminate may cause inaccurate times.
  • Supply counts are checked every 10 seconds.